 Dungeon Crawl Stone Soup version 0.22.0 (webtiles) character file.

57 Matudinoluver the Skirmisher (level 3, -8/33 HPs)
             Began as a Draconian Wanderer on Nov 27, 2018.
             Was an Initiate of Okawaru.
             Killed from afar by Ijyb (16 damage)
             ... with a wand of acid (6)
             ... on level 3 of the Dungeon.
             The game lasted 00:12:25 (1791 turns).

Matudinoluver the Skirmisher (Draconian Wanderer)   Turns: 1791, Time: 00:12:26

Health: -8/33      AC:  5    Str: 15    XL:     3   Next: 73%
Magic:  3/3        EV: 12    Int: 11    God:    Okawaru [......]
Gold:   94         SH:  0    Dex: 11    Spells: 2/2 levels left

rFire    . . .     SeeInvis .   m - +0 mace
rCold    . . .     Gourm    .   (no shield)
rNeg     . . .     Faith    .   (armour unavailable)
rPois    .         Spirit   .   (helmet restricted)
rElec    .         Reflect  .   (no cloak)
rCorr    .         Harm     .   (no gloves)
MR       .....                  (no boots)
Stlth    ++........             (no amulet)
HPRegen  0.11/turn              (no ring)
MPRegen  0.08/turn              (no ring)

@: no status effects
A: unfitting armour, cold-blooded, AC +5
a: Renounce Religion


You were on level 3 of the Dungeon.
You worshipped Okawaru.
Okawaru was noncommittal.
You were not hungry.

You visited 1 branch of the dungeon, and saw 3 of its levels.

You collected 94 gold pieces.

Inventory:

Hand Weapons
 d - a +0 club
 e - a +0 dagger
 m - a +0 mace (weapon)
Missiles
 g - 10 stones (quivered)
 i - 33 sling bullets
 l - 5 needles of frenzy
Armour
 o - a +0 helmet
Wands
 a - a wand of paralysis (15)
Scrolls
 b - 4 scrolls of teleportation
 n - 2 scrolls of identify
Potions
 c - a potion of lignification
 h - a potion of cancellation
Comestibles
 f - 5 rations
 j - a chunk of flesh


   Skills:
 + Level 3.9 Fighting
 + Level 2.0 Short Blades
   Level 1.0(1.4) Axes
 + Level 1.5(1.7) Maces & Flails
 + Level 1.2 Dodging
 + Level 3.1 Stealth
 + Level 1.0 Evocations


You had 2 spell levels left.
You didn't know any spells.
Your spell library was empty.

Dungeon Overview and Level Annotations

Branches:
Dungeon (3/15)

Altars:
Gozag
Okawaru
Qazlal
Zin

Annotations:
D:3 Ijyb


Innate Abilities, Weirdness & Mutations

Your plain brown scales are hard. (AC +5)
You cannot fit into any form of body armour.
You are cold-blooded and may be slowed by cold attacks.


Message History

The bat closely misses you. The bat hits you but does no damage.
As you read the scroll of teleportation, it crumbles to dust.
You feel strangely unstable. The bat misses you. The bat hits you.
The bat barely misses you.
Your surroundings suddenly seem different.
You start resting.
Ijyb is too close now for your liking.
You start resting.
Some of the chunks of flesh in your inventory have rotted away.
Ijyb is too close now for your liking.
Ijyb shouts!
Ijyb hits you but does no damage.
You closely miss Ijyb. You tail-slap Ijyb, but do no damage.
Ijyb zaps a wand.
The bolt of acid hits you!
You are splashed with acid!
The acid burns!
* * * LOW HITPOINT WARNING * * *
It is a wand of acid (6).
You hit Ijyb.
Ijyb is lightly wounded.
Ijyb zaps a wand.
The bolt of acid hits you!
You die...

#.# #####o# #.#
#.# #.# .## #o#
#.# ..# #K# #.#
#.# #r# #.# #.#
#)# #.# #.# #{#
#.# #.# ####÷# #@#
#.# #...{.
#g#####.## #.....
#........####.÷)..
#######....g......
##.####..... #.#
#..... #.# #.....
#.# ####)# #.# #.o


You could see Ijyb.

Vanquished Creatures
  2 dart slugs
  A leopard gecko (D:1)
  2 bats
  2 giant cockroaches (D:2)
  3 goblins
  2 hobgoblins
  6 jackals
  7 kobolds
  A quokka (D:2)
  2 ball pythons
  5 frilled lizards
  A giant cockroach zombie (D:2)
  7 rats
41 creatures vanquished.

Vanquished Creatures (others)
  An adder (D:2)
1 creature vanquished.

Grand Total: 42 creatures vanquished

Notes
Turn   | Place    | Note
-------+----------+-------------------------------------------
     0 | D:1      | Matudinoluver the Draconian Wanderer began the quest for the Orb.
     0 | D:1      | Matudinoluver set off with: a wand of paralysis (15), a scroll of teleportation, a potion of lignification, a +0 club, a +0 dagger, a ration
     0 | D:1      | Reached XP level 1. HP: 19/19 MP: 1/1
   444 | D:1      | Reached XP level 2. HP: 23/27 MP: 2/2
   928 | D:2      | Reached XP level 3. HP: 29/33 MP: 3/3
  1148 | D:2      | Reached skill level 1 in Maces & Flails
  1195 | D:2      | Found an iron altar of Okawaru.
  1195 | D:2      | Found a stormy altar of Qazlal.
  1195 | D:2      | Found an opulent altar of Gozag.
  1209 | D:2      | Became a worshipper of Warmaster Okawaru
  1227 | D:2      | Reached skill level 1 in Dodging
  1234 | D:2      | Found a glowing silver altar of Zin.
  1562 | D:3      | Noticed Ijyb
  1791 | D:3      | Killed from afar by Ijyb

Skill      XL: |  1  2  3 |
---------------+----------+-----
Stealth        | 3 |  3.1
Maces & Flails | 1 |  1.5
Dodging        | 1 |  1.2
Fighting       | |  3.9
Short Blades   | |  2.0
Axes           | |  1.0
Evocations     | |  1.0

Action                   || total
-------------------------++-------
Melee: Club              ||    54
       Tailslap          ||    12
       Mace              ||    96
Throw: Stone             ||    29
  Use: Scroll            ||     6
 Stab: Sleeping          ||     4
  Eat: Chunk             ||     2
       Ration            ||     1
Armor: Skin              ||    82
Dodge: Dodged            ||   160
